 Dungeon Crawl Stone Soup version 0.31-a0-1338-gb567cfdca4 (webtiles) character file.

Game seed: 17371886082855807813

62 croobank the Ruffian (level 3, -1/29 HPs)
             Began as a Demigod Shapeshifter on Dec 23, 2023.
             Slain by a gnoll
             ... wielding a +0 flail
              (9 damage)
             ... on level 2 of the Dungeon.
             The game lasted 00:04:29 (1432 turns).

croobank the Ruffian (Demigod Shapeshifter)         Turns: 1432, Time: 00:04:29

Health: -1/29      AC: 10    Str: 15    XL:     3   Next: 60%
Magic:  5/5        EV: 12    Int: 16    God:
Gold:   61         SH:  0    Dex: 13    Spells: 2/2 levels left

rFire   . . .        q - +0 war axe (protect)
rCold   . . .        (no shield)
rNeg    . . .        n - +0 leather armour
rPois   .            (helmet currently unavailable)
rElec   .            (cloak currently unavailable)
rCorr   .            (gloves currently unavailable)
SInv    .            (boots currently unavailable)
Will    +....        (no amulet)
Stlth   +            a - ring of willpower
HPRegen 0.24/turn    (no ring)
MPRegen 0.09/turn

%: no passive effects
@: beast-form, under a protective aura
A: beast (slay +1), high MP 1, forlorn, divine attributes
a: Begin Untransformation


You were on level 2 of the Dungeon.
You were a hulking beast.
You visited 1 branch of the dungeon, and saw 2 of its levels.

You collected 61 gold pieces.

Inventory:

Hand Weapons
 g - a +0 short sword
 h - a +0 hand axe
 q - a +0 war axe of protection (weapon)
Missiles
 f - 2 javelins
 i - 5 boomerangs (quivered)
 m - 5 poisoned darts
Armour
 n - a +0 leather armour (worn)
Jewellery
 a - a ring of willpower (left hand)
Talismans
 c - a beast talisman
 d - a flux talisman
Scrolls
 o - 2 scrolls of enchant weapon {unknown}
 p - a scroll of noise {unknown}
Potions
 b - a potion of lignification
 j - a potion of enlightenment {unknown}
 k - a potion of magic {unknown}
 l - a potion of brilliance {unknown}
 r - a potion of curing {unknown}


   Skills:
 + Level 1.7 Fighting
 + Level 2.4 Dodging
 + Level 3.2 Unarmed Combat
 + Level 3.1 Shapeshifting


You had 2 spell levels left.
You didn't know any spells.
Your spell library contained the following spells:

 Spells                   Type           Power      Damage    Failure   Level
 Cigotuvi's Dreadful Rot  Necr/Alch/Air  0%         N/A       43%         2
 Dispel Undead            Necr           0%         3d6       97%         4
 Death Channel            Necr           0%         N/A       100%        6


Dungeon Overview and Level Annotations

Branches:
Dungeon (2/15)


Innate Abilities, Weirdness & Mutations

You are a hulking beast.
Your limbs bulge with bestial killing power. (Slay +1)
You have an increased reservoir of magic. (+10% MP)
You shall have no god before yourself.
Your divine heritage dramatically boosts your attributes as you level up.


Message History

You throw a boomerang.
The boomerang completely misses the gnoll.
An endoplasm comes into view.
Okay, then.
The gnoll attacks as it pursues you! The gnoll hits you with a +0 club.
You hit the gnoll but do no damage. Your punch misses the gnoll.
The gnoll is heavily wounded.
The gnoll closely misses you.
You closely miss the gnoll.
The gnoll is heavily wounded.
The gnoll barely misses you.
You hit the gnoll.
The gnoll is severely wounded.
The gnoll hits you with a +0 club.
You barely miss the gnoll.
The gnoll is severely wounded.
The gnoll barely misses you.
You punch the gnoll!
You kill the gnoll!
The gnoll attacks as it pursues you! The gnoll closely misses you.
The gnoll attacks as it pursues you! The gnoll barely misses you.
The gnoll attacks as it pursues you! The gnoll hits you with a +0 flail!
Things that are here:
a +0 club; a kobold corpse The gnoll attacks as it pursues you!
The gnoll hits you with a +0 flail!
As you read the scroll labelled FIM PUTUAGITE, it crumbles to dust.
It is a scroll of brand weapon.
Your +0 war axe projects an invisible shield of force!
q - a +0 war axe of protection The gnoll hits you with a +0 flail.
* * * LOW HITPOINT WARNING * * *
The gnoll barely misses you.
Your +0 war axe of protection hums with potential!
q - a +0 war axe of protection (weapon)
You slash the gnoll!
Your weapon exudes an aura of protection.
The gnoll is severely wounded.
The gnoll barely misses you. The gnoll closely misses you.
The gnoll hits you with a +0 flail!
You die...

### #############
..#######...........#
#..)......#########.#
..###...<.# ####.#
...##.....# #....#
...##.....# #.####
...##.....# #.#
#.######### #.#
.....# #h# #.#..#
##g### #.#..# #..g.#
#.#..# ##.#.# #.#..#
###.# #.#..# #.#
.....# #.# #.#### #.#
#.# #)#


You could see 2 gnolls.

Vanquished Creatures
  A gnoll (D:2)
  2 adders (D:2)
  A worm (D:2)
  A dart slug (D:2)
  3 endoplasms
  2 goblins
  4 hobgoblins
  A quokka (D:1)
  A ball python (D:1)
  2 bats
  A frilled lizard (D:1)
  6 kobolds
  8 rats
33 creatures vanquished.

Notes
Turn   | Place    | Note
-------+----------+-------------------------------------------
     0 | D:1      | croobank the Demigod Shapeshifter began the quest for the
                  | Orb.
     0 | D:1      | Reached XP level 1. HP: 15/15 MP: 3/3
    69 | D:1      | Reached skill level 1 in Fighting
   273 | D:1      | Reached XP level 2. HP: 23/23 MP: 4/4
  1013 | D:2      | Reached XP level 3. HP: 28/28 MP: 5/5
  1432 | D:2      | Slain by a gnoll

Illustrated notes

Levels and vault maps discovered:
D:1:      onia_arrival_handbag, layout_basic
D:2:      minmay_evil_eye, layout_loops_cross, minmay_splitting_lines

Skill      XL: |  1  2  3 |
---------------+----------+-----
Fighting       | 1 |  1.7
Dodging        | 2 |  2.4
Unarmed Combat | 3 |  3.2
Shapeshifting  | 3 |  3.1

Action                     || total
---------------------------++-------
  Melee: Unarmed           ||    95
         War axe           ||     1
  Throw: Boomerang         ||    15
         Dart              ||     8
    Use: Scroll            ||     1
   Stab: Sleeping          ||     3
 Armour: Animal skin       ||    12
         Leather armour    ||    32
  Dodge: Dodged            ||    40

Table legend: (Time is in decaauts)
 A = Elapsed time spent in this place.
 B = Non-inter-level travel time spent in this place.
 C = Inter-level travel time spent in this place.
 D = Time resting spent in this place.
 E = Time spent auto-exploring this place.
 F = Levels seen in this place.
 G = Mean time per level.
                   A        B        C        D        E       F      G
               +--------+--------+--------+--------+--------+-----+--------+
         Total |   1428 |   1420 |      8 |    398 |    673 |   2 |  714.0 |
       Dungeon |   1428 |   1420 |      8 |    398 |    673 |   2 |  714.0 |
               +--------+--------+--------+--------+--------+-----+--------+

Top non-repeatable levels by time:
     D:1: 789 daAuts
     D:2: 638 daAuts
